 Dungeon Crawl Stone Soup version 0.27-a0-1136-g0b992a5a9d (webtiles) character file.

Game seed: 18215376208847953655

40 Zeld the Skirmisher (level 3, -2/26 HPs)
             Began as an Octopode Fighter on May 4, 2021.
             Slain by an orc wizard
             ... wielding a +2 dagger of freezing
              (6 damage)
             ... on level 3 of the Dungeon.
             The game lasted 00:01:32 (2202 turns).

Zeld the Skirmisher (Octopode Fighter)              Turns: 2202, Time: 00:01:33

Health: -2/26      AC:  1    Str: 16    XL:     3   Next: 50%
Magic:  3/3        EV: 11    Int: 10    God:
Gold:   42         SH:  9    Dex: 11    Spells: 2/2 levels left

rFire    . . .     SeeInvis .   a - +0 war axe
rCold    . . .     Faith    .   b - +0 kite shield
rNeg     . . .     Spirit   .   (helmet restricted)
rPois    .         Reflect  .   (no amulet)
rElec    .         Harm     .   (no ring)
rCorr    .         Rampage  .   (no ring)
Will     .....                  (no ring)
Stlth    ++........             (no ring)
HPRegen  0.08/turn              (no ring)
MPRegen  0.08/turn              (no ring)
                                (no ring)
                                (no ring)

@: no status effects
A: almost no armour, amphibious, 8 rings, camouflage 1, gelatinous body 1,
(nimble swimmer 1), tentacles
a: no special abilities


You were on level 3 of the Dungeon.
You visited 1 branch of the dungeon, and saw 3 of its levels.

You collected 42 gold pieces.

Inventory:

Hand Weapons
 a - a +0 war axe (weapon)
Armour
 b - a +0 kite shield (worn)
Scrolls
 d - a scroll of summoning {unknown}
 f - a scroll of teleportation {unknown}
 g - 3 scrolls of magic mapping {unknown}
 h - 2 scrolls of identify {unknown}
 i - a scroll of fog {unknown}
Potions
 c - a potion of might
 e - 2 potions of resistance {unknown}


   Skills:
 * Level 3.5 Fighting
 * Level 2.7 Axes
 - Level 3.0 Dodging
 * Level 3.5 Shields


You had 2 spell levels left.
You didn't know any spells.
Your spell library was empty.

Dungeon Overview and Level Annotations

Branches:
Dungeon (3/15)

Altars:
Nemelex Xobeh


Innate Abilities, Weirdness & Mutations

You cannot wear most types of armour.
You are amphibious.
You can wear up to eight rings at the same time.
Your skin changes colour to match your surroundings (Stealth+).
Your rubbery body absorbs attacks. (AC +1, EV +1)
((You are camouflaged near water. (Stealth+)))
You have tentacles for arms and can constrict up to eight enemies at once.


Message History

You block the orc's attack.
You hit the orc.
The orc is heavily wounded.
You constrict the orc, but do no damage.
You block the orc's attack.
You hit the orc but do no damage. You squeeze the orc, but do no damage.
The orc is heavily wounded.
You constrict the orc.
You kill the orc!
The orc wizard casts a spell at itself.
The orc wizard flickers and vanishes!
Deactivating autopickup; reactivate with Ctrl-A.
The orc hits you with a +0 falchion.
You barely miss the orc. You grab the orc. You constrict the orc.
The orc hits you with a +0 falchion.
You hit the orc.
You kill the orc!
The orc wizard gestures at you while chanting.
You are confused.
You are too confused!
You are too confused!
You bump into the rock wall.
The orc wizard closely misses you.
You bump into the rock wall.
The orc wizard hits you with a +2 dagger of freezing.
The orc wizard freezes you.
You're too confused to move!
The orc wizard casts a spell at itself.
The orc wizard flickers and vanishes!
You bump into the rock wall.
You hear some strange, mumbled words.
A magic dart appears from out of thin air!
The magic dart hits you!
You bump into the rock wall.
Something hits you.
* * * LOW HITPOINT WARNING * * *
Something freezes you.
* * * LOW HITPOINT WARNING * * *
You bump into the rock wall.
You feel less confused. Something hits you.
You die...

###....###.#
#.........<# .#
#..........# .
#..........####.#
.##.#..............
.#...#...#.#####.##
.........#.# #.#
.#...#####.# #.#
##.######.# #@#
#........#####{######
#######........†....#
#..#####.####.# #..#
###.####.#
#..###.....##.#
#......###.##.#######
#.####.# #...........
#.# #.###.##..######


There were no monsters in sight!

Vanquished Creatures
  An adder (D:2)
  3 orcs (D:3)
  2 bats
  2 endoplasms
  5 hobgoblins
  2 jackals (D:1)
  A kobold (D:1)
  A ball python (D:1)
  2 frilled lizards
  3 goblins
  4 rats
26 creatures vanquished.

Notes
Turn   | Place    | Note
-------+----------+-------------------------------------------
     0 | D:1      | Zeld the Octopode Fighter began the quest for the Orb.
     0 | D:1      | Reached XP level 1. HP: 16/16 MP: 1/1
   229 | D:1      | Reached XP level 2. HP: 18/21 MP: 2/2
   297 | D:1      | Found a faded altar of an unknown god.
   794 | D:2      | Reached XP level 3. HP: 10/26 MP: 3/3
  1066 | D:2      | Found a sparkling altar of Nemelex Xobeh.
  1667 | D:3      | Noticed a black bear
  2202 | D:3      | Slain by an orc wizard

Illustrated notes

Levels and vault maps discovered:
D:1:      dpeg_arrival_rhombus, layout_rooms,
          hellmonk_ecumenical_altar_arch_garden
D:2:      layout_basic, basic_altar, grunt_ministairs_13
D:3:      layout_loops_ring, ebering_ghost_gozag

Action                   || total
-------------------------++-------
Melee: War axe           ||    48
       Constrict         ||    14
       Tentacles         ||     5
 Stab: Sleeping          ||     2
Armor: Skin              ||     2
Dodge: Dodged            ||    26
Block: Kite shield       ||    21

Table legend: (Time is in decaauts)
 A = Elapsed time spent in this place.
 B = Non-inter-level travel time spent in this place.
 C = Inter-level travel time spent in this place.
 D = Time resting spent in this place.
 E = Time spent auto-exploring this place.
 F = Levels seen in this place.
 G = Mean time per level.
                   A        B        C        D        E       F      G
               +--------+--------+--------+--------+--------+-----+--------+
         Total |   2232 |   2171 |     61 |    304 |   1606 |   3 |  744.0 |
       Dungeon |   2232 |   2171 |     61 |    304 |   1606 |   3 |  744.0 |
               +--------+--------+--------+--------+--------+-----+--------+

Top non-repeatable levels by time:
     D:2: 1450 daAuts
     D:1: 552 daAuts
     D:3: 229 daAuts
